Map: Tours du crépuscule

Players

zidar - Winner!

  • Race: Zerg Zerg
  • League: Gold
  • Spawn Location: 1:00

Taymour

  • Race: Terran Terran
  • League: Gold
  • Spawn Location: 7:00

VOD

Have the link to the VOD?

Description

Time

  • Played on: June 13, 2016, 3:16 p.m.
  • Length: 15:36
Show
View Real Time Build Order
Export as new Build Order

zidar Zerg - Winner!

Build Orders: Hatch First, Ravager All-In 

Get SALT Encoding   

  12  0:01  Drone  
  13  0:12  Overlord  
  13  0:17  Drone  
  14  0:31  Drone x2  
  16  0:51  Hatchery  
  16  0:54  Drone  
  16  0:56  Extractor  
  15  0:59  Drone  
  16  1:08  Drone  
  17  1:21  Spawning Pool  
  16  1:27  Drone  
  17  1:39  Drone  
  18  1:40  Drone  
  18  1:42  Overlord  
  19  1:50  Drone  
  20  2:07  Queen  
  22  2:09  Queen  
  22  2:12  Drone  
  22  2:15  Drone  
  26  2:27  Drone x3  
  26  2:28  Drone  
  29  2:55  Metabolic Boost  
  29  3:02  Roach Warren  
  28  3:08  Extractor  
  28  3:09  Drone  
  28  3:16  Overlord x2  
  28  3:30  Overlord  
  28  3:34  Queen  
  30  3:44  Roach x7  
  44  3:52  Roach x2  
  48  4:00  Drone x3  
  48  4:02  Drone  
  52  4:14  Overlord x2  
  52  4:33  Drone x8  
  52  4:37  Overlord  
  60  4:43  Ravager x3  
  60  4:44  Ravager x2  
  65  4:51  Roach  
  67  4:54  Overlord  
  56  5:41  Roach  
  56  5:42  Roach x5  
  68  6:28  Roach  
  68  6:29  Roach x5  
  80  7:00  Roach  
  80  7:01  Roach  
  84  7:04  Overlord  
  84  7:05  Overlord x3  
  84  7:23  Ravager  
  84  7:24  Ravager x2  
  87  7:38  Lair  
  57  8:29  Roach x5  
  57  8:30  Roach x7  
  73  8:41  Ravager  
  73  8:42  Ravager  
  73  8:44  Roach x3  
  81  8:51  Hydralisk Den  
  80  9:04  Hatchery  
  80  9:09  Hatchery  
  78  9:13  Roach x6  
  90  9:20  Hatchery  
  89  9:24  Extractor  
  89  9:25  Extractor  
  75  10:10  Roach x11  
  75  10:11  Hydralisk  
  99  10:44  Drone x6  
  105  11:45  Ravager x11  
  116  11:49  Roach x2  
  120  12:00  Overlord x2  
  120  12:01  Overlord x2  
  120  12:18  Drone x14  
  134  12:29  Glial Reconstitution  
  134  12:32  Roach  
  134  12:33  Roach x14  
  164  13:14  Hydralisk  
  164  13:18  Overlord x2  
  164  13:19  Overlord x4  
  166  13:20  Overlord  
  166  13:39  Ravager x5  
  171  13:48  Hydralisk x7  
  185  14:06  Drone x11  
  194  14:29  Extractor  
  187  14:31  Extractor  
  187  14:32  Overseer x4  
  162  15:01  Hydralisk  
  162  15:02  Hydralisk x7  
Show
View Real Time Build Order
Export as new Build Order

Taymour Terran 

Build Orders:  

Get SALT Encoding   

  12  0:02  SCV  
  14  0:14  SCV  
  14  0:20  Supply Depot  
  14  0:28  Refinery  
  14  0:29  SCV  
  15  0:42  SCV  
  16  0:47  Barracks  
  16  1:04  Supply Depot  
  16  1:05  SCV  
  17  1:18  SCV  
  18  1:37  Marine  
  19  1:53  Command Center, SCV  
  20  1:55  Marine  
  21  2:12  Factory  
  21  2:18  Refinery  
  21  2:19  Orbital Command  
  21  2:37  Marine  
  22  2:55  Marine  
  23  3:04  Bunker  
  23  3:12  Factory Tech Lab  
  23  3:13  Marine  
  23  3:14  SCV  
  25  3:22  Engineering Bay  
  25  3:26  SCV  
  26  3:29  Refinery, SCV  
  26  3:31  Marine  
  28  3:37  Refinery  
  28  3:42  SCV  
  29  3:54  Siege Tank  
  32  3:57  SCV  
  32  4:02  Supply Depot  
  33  4:09  SCV  
  34  4:11  Planetary Fortress, Starport  
  34  4:21  Missile Turret  
  34  4:22  SCV  
  35  4:26  Marine  
  36  4:34  SCV  
  37  4:42  Missile Turret  
  37  4:46  SCV  
  37  4:47  Missile Turret  
  37  4:51  Starport Reactor, Missile Turret  
  38  4:58  SCV  
  38  4:59  Missile Turret  
  39  5:08  Neosteel Armor  
  32  5:29  Siege Tank  
  33  5:43  Marine  
  27  6:01  Marine  
  22  6:31  Starport  
  18  6:56  Barracks  
  18  7:00  Supply Depot  
  18  7:14  Starport Tech Lab  
  18  7:23  Supply Depot  
  18  7:28  SCV  
  19  7:40  Command Center  
  19  7:41  SCV  
  19  7:43  Cloaking Field  
  20  7:53  SCV  
  5  9:22  Orbital Command  
  1  10:21  SCV  
  2  10:27  SCV  
  3  10:33  SCV  
  4  10:45  SCV  
  5  10:55  Factory  
  5  10:57  SCV  
  6  11:05  Engineering Bay  
  6  11:06  SCV  
  8  11:18  SCV  
  4  11:41  Planetary Fortress  
  4  11:42  Refinery  
  4  11:47  Orbital Command  
  4  11:52  Hi-Sec Auto Tracking  
  4  12:10  Starport Tech Lab  
  4  12:18  Factory  
  4  12:20  SCV  
  5  12:33  SCV, Banshee  
  9  12:45  SCV  
  10  12:57  SCV  
  11  13:08  Factory Tech Lab  
  11  13:09  Orbital Command  
  11  13:16  Banshee  
  14  13:39  SCV  
  15  13:44  SCV  
  16  13:56  SCV  
  16  13:59  Banshee  
  7  15:13  SCV  
Tags
 
Add a new tag
Caveats
  • Supply blocks, unpowered buildings, or Contaminate may cause inaccurate times.
  • Supply counts are checked every 10 seconds.